 Dungeon Crawl Stone Soup version 0.19.0-2-gae57169 (webtiles) character file.

32 varam the Sneak (level 3, -6/16 HPs)
             Began as a Vine Stalker Enchanter on Nov 5, 2016.
             Mangled by a worm (12 damage)
             ... on level 2 of the Dungeon.
             The game lasted 00:04:16 (1846 turns).

varam the Sneak (Vine Stalker Enchanter)            Turns: 1846, Time: 00:04:17

Health: -6/16      AC:  3    Str: 10    XL:     3   Next: 27%
Magic:  0/7        EV: 12    Int: 15    God:
Gold:   81         SH:  0    Dex: 15    Spells: 3 memorised, 0 levels left

rFire  . . .     SeeInvis .     a - +1 dagger
rCold  . . .     Gourm    .     b - +1 robe
rNeg   . . .     Faith    .     (no shield)
rPois  .         Spirit   +     (no helmet)
rElec  .         Reflect  .     (no cloak)
rCorr  .         Harm     .     (no gloves)
MR     .....                    (no boots)
Stlth  +++.......               (no amulet)
                                (no ring)
                                (no ring)

@: no status effects
A: fangs 2, magic shield, antimagic bite, no device heal 3, rot immunity
a: no special abilities


You were on level 2 of the Dungeon.
You were not hungry.

You visited 1 branch of the dungeon, and saw 2 of its levels.

You collected 81 gold pieces.

Inventory:

Hand Weapons
 a - a +1 dagger (weapon)
Armour
 b - a +1 robe (worn)
Scrolls
 k - 2 scrolls of identify {unknown}
 m - a scroll of blinking {unknown}
Potions
 e - a potion of invisibility {unknown}
 f - 2 potions of mutation {unknown}
 j - a potion of haste {unknown}
 l - a potion of curing {unknown}
Books
 c - a book of Maledictions

   Spells                             Type                      Level
   a - Corona                         Hexes                        1
   b - Ensorcelled Hibernation        Hexes/Ice                    2
   c - Confuse                        Hexes                        3
   d - Tukima's Dance                 Hexes                        3
   e - Dazzling Spray                 Conjuration/Hexes            3
Comestibles
 g - 2 meat rations
 i - 2 fruits


   Skills:
 + Level 2.1 Short Blades
 - Level 1.5 Dodging
 + Level 4.5 Stealth
 - Level 2.1 Spellcasting
 - Level 3.0 Hexes


You couldn't memorise any spells.
You knew the following spells:

 Your Spells              Type           Power        Failure   Level  Hunger
a - Corona                Hex            ##.....      8%          1    #......
b - Ensorcelled Hibernat  Hex/Ice        #.....       17%         2    ###....
c - Confuse               Hex            ##......     21%         3    ###....


Dungeon Overview and Level Annotations

Branches:
Dungeon (2/15)

Altars:


Innate Abilities, Weirdness & Mutations

You have extremely sharp teeth.
When hurt, damage is shared between your health and your magic reserves.
Your bite disrupts and absorbs the magic of your enemies.
Potions and wands cannot restore your health.
You are immune to rotting.


Message History

There is a stone staircase leading up here.
You hit the worm.
The worm is lightly wounded.
You hit the worm.
The worm is moderately wounded.
The worm bites you!
Casting: Ensorcelled Hibernation
Confirm with . or Enter, or press ? or * to list all spells.
Aiming: Corona
Press: ? - help, Shift-Dir - straight line, f - worm
Aim: a worm (moderately wounded, chance to defeat MR: 54%)
The worm is outlined in light.
Casting: Corona
Confirm with . or Enter, or press ? or * to list all spells.
Aiming: Ensorcelled Hibernation
Press: ? - help, Shift-Dir - straight line, f/p - worm
Aim: a worm (moderately wounded, softly glowing, chance to defeat MR: 47%)
The worm resists with some effort.
The worm bites you!
Ouch! That really hurt!
You die...

................
...$............
.......(........
..........%...(.
#†.)..#..
#..####.#
##..###[#
##..##w# #
##..@.## .#
####..# ####..#
#..# #....#
#..####)#
#....##.#
#.##..#.##
#.###..(.#
###.##..(#......
#......###..#...


You could see a worm.

Vanquished Creatures
  2 giant cockroaches (D:1)
  7 hobgoblins
  3 jackals (D:1)
  3 kobolds
  A quokka (D:2)
  5 bats (D:1)
  A frilled lizard (D:1)
  5 goblins (D:1)
27 creatures vanquished.

Notes
Turn   | Place    | Note
-------+----------+-------------------------------------------
     0 | D:1      | varam the Vine Stalker Enchanter began the quest for the Orb.
     0 | D:1      | Reached XP level 1. HP: 9/9 MP: 4/4
    26 | D:1      | Reached skill level 1 in Short Blades
   363 | D:1      | Reached skill level 4 in Stealth
   648 | D:1      | Reached XP level 2. HP: 13/13 MP: 6/6
  1412 | D:1      | Reached XP level 3. HP: 13/16 MP: 5/7
  1470 | D:1      | Learned a level 2 spell: Ensorcelled Hibernation
  1474 | D:1      | Learned a level 3 spell: Confuse
  1683 | D:1      | Reached skill level 2 in Short Blades
  1846 | D:2      | Mangled by a worm

Skill      XL: |  1  2  3 |
---------------+----------+-----
Short Blades   | 1 2 |  2.1
Stealth        | 4 |  4.5
Dodging        | |  1.5
Spellcasting   | |  2.1
Hexes          | |  3.0

Action                   || total
-------------------------++-------
Melee: Dagger            ||   104
       Bite              ||    18
 Cast: Corona            ||     2
       Ensorcelled Hiber ||     4
 Stab: Sleeping          ||     7
  Eat: Chunk             ||     1
       Bread ration      ||     1
Armor: Robe              ||    27
Dodge: Dodged            ||    56
